 Dungeon Crawl Stone Soup version 0.30-a0-373-gd37427bb62 (webtiles) character file.

Game seed: 5362576108443010202

2440 pokeman the Thaumaturge (level 9, -4/48 HPs)
             Began as a Deep Elf Hedge Wizard on Nov 23, 2022.
             Slain by an acid dragon (6 damage)
             ... on level 7 of the Dungeon.
             The game lasted 00:14:42 (6214 turns).

pokeman the Thaumaturge (Deep Elf Hedge Wizard)     Turns: 6214, Time: 00:14:43

Health: -4/48      AC:  0    Str:  7    XL:     9   Next: 25%
Magic:  20/25      EV: 12    Int: 24    God:
Gold:   384        SH:  0    Dex: 14    Spells: 21/29 levels left

rFire   . . .      SeeInvis .    h - +0 short sword (venom)
rCold   . . .      Faith    .    (no shield)
rNeg    . . .      Spirit   .    A - +0 leather armour {Will+}
rPois   .          Reflect  .    l - +2 helmet "Udut" {Fly Will+}
rElec   .          Harm     .    (no cloak)
rCorr   .          Rampage  .    m - +0 pair of gloves
Will    ++...                    (no boots)
Stlth   ++........               n - amulet of the acrobat
HPRegen 0.28/turn                (no ring)
MPRegen 0.19/turn                (no ring)

@: corroded, flying, very slightly contaminated
A: no striking features
a: no special abilities


You were on level 7 of the Dungeon.
You visited 1 branch of the dungeon, and saw 7 of its levels.

You collected 436 gold pieces.
You spent 52 gold pieces at shops.

Inventory:

Hand Weapons
 h - a +0 short sword of venom (weapon)
Armour
 l - the +2 helmet "Udut" (worn) {Fly Will+}
   (You found it on level 4 of the Dungeon)

   Fly:       It grants you flight.
   Will:      It increases your willpower.
 m - a +0 pair of gloves (worn)
 v - a +2 kite shield of protection
 A - a +0 leather armour of willpower (worn)
Magical Staves
 f - a staff of death
 y - a staff of fire
Jewellery
 n - an amulet of the acrobat (around neck)
 E - a ring of ice
Wands
 o - a wand of flame (12)
 q - a wand of roots (10)
 s - a wand of quicksilver (4)
 D - a wand of charming (4)
Scrolls
 a - a scroll of blinking {unknown}
 b - 4 scrolls of teleportation {unknown}
 c - 8 scrolls of identify {unknown}
 i - 3 scrolls of enchant armour {unknown}
 r - a scroll of vulnerability {unknown}
 u - 2 scrolls of butterflies {unknown}
 w - a scroll of fear {unknown}
 B - a scroll of noise {unknown}
 C - 2 scrolls of magic mapping {unknown}
Potions
 d - 2 potions of magic
 e - a potion of cancellation {unknown}
 g - 9 potions of curing
 j - a potion of invisibility {unknown}
 k - a potion of haste {unknown}
 p - a potion of ambrosia {unknown}
 t - a potion of attraction {unknown}
 x - 2 potions of mutation {unknown}
 z - a potion of might {unknown}
 F - a potion of berserk rage {unknown}
 G - 2 potions of heal wounds


   Skills:
 + Level 2.1 Fighting
 - Level 2.1 Armour
 - Level 3.0 Dodging
 - Level 3.0 Stealth
 - Level 2.0 Shields
 * Level 10.7 Spellcasting
 + Level 7.4 Conjurations
 - Level 1.1 Summonings
 - Level 1.1 Necromancy
 - Level 1.1 Translocations
 + Level 4.5 Fire Magic
 - Level 1.0 Air Magic
 - Level 1.2 Poison Magic
 - Level 1.0 Evocations


You had 21 spell levels left.
You knew the following spells:

 Your Spells              Type           Power      Damage    Failure   Level
a - Magic Dart            Conj           100%       1d8       1%          1
b - Mephitic Cloud        Conj/Pois/Air  28%        N/A       6%          3
c - Call Imp              Summ           18%        N/A       7%          2
d - Blink                 Tloc           36%        N/A       7%          2

Your spell library contained the following spells:

 Spells                   Type           Power      Damage    Failure   Level
 Slow                     Hex            48%        N/A       7%          1
 Cigotuvi's Dreadful Rot  Necr/Pois/Air  36%        N/A       7%          2
 Vampiric Draining        Necr           18%        2d7       14%         3
 Vhi's Electric Charge    Tloc/Air       34%        N/A       14%         3
 Confusing Touch          Hex            12%        N/A       22%         3
 Arcjolt                  Conj/Air       16%        1d26      34%         5
 Maxwell's Capacitive Co  Air            8%         ∞         100%        8


Dungeon Overview and Level Annotations

Branches:
Dungeon (7/15)
 Temple: D:4-7

Altars:
Dithmenos
Okawaru
Yredelemnul

Shops:
D:2 !   D:3 *   D:5 ==

Annotations:
D:3 Transporter, Loot behind rock, sirJeffrey23's ghost, amateur BaFi


Message History

Casting: Magic Dart (safe; 1% risk of failure)
Confirm with . or Enter, or press ? or * to list all spells.
Aiming: Magic Dart (safe; 1% risk of failure)
Press: ? - help, Shift-Dir - straight line, f/p - shadow imp
Aim: a shadow imp (heavily wounded, 100% to hit)
The magic dart hits the acid dragon but does no damage.
A shadow imp comes into view.
Unknown command.
Casting: Magic Dart (safe; 1% risk of failure)
Confirm with . or Enter, or press ? or * to list all spells.
You miscast Call Imp.
You are very lightly contaminated with residual magic.
Nothing appears to happen.
You hit the acid dragon.
The acid dragon is poisoned.
The acid dragon is lightly wounded.
The acid dragon barely misses you. The acid dragon claws you.
You barely miss the acid dragon.
The acid dragon is lightly wounded.
The acid dragon misses you. The acid dragon closely misses you.
You hit the acid dragon.
The acid dragon is moderately wounded.
The acid dragon spits acid at you. The splash of acid hits you!
The acid corrodes you!
The acid dragon attacks as you move away!
The acid dragon bites you! The acid dragon claws you.
The shadow imp completely misses you.
You hit the acid dragon.
The acid dragon is heavily wounded.
The acid dragon spits acid at you. The splash of acid hits you!
* * * LOW HITPOINT WARNING * * *
The acid corrodes you!
Unknown command.
Casting: Call Imp (safe; 7% risk of failure)
Confirm with . or Enter, or press ? or * to list all spells.
A beastly little devil appears in a puff of flame.
The acid dragon bites you!
* * * LOW HITPOINT WARNING * * *
The acid dragon claws you.
You die...

#.##.#
#.##.#
#.##.#
#.##.#
#######.##.#
...........#
#######.####
#5# #@#
###D# #.55#
......#.#
........#
#♣...#.?#
.........
#...P#..#
........#


You could see an acid dragon (poisoned, catching breath, ally target), 2 shadow
imps and a friendly crimson imp (summoned).

Vanquished Creatures
  Pikel (D:7)
  Sigmund (D:4)
  A black bear (D:6)
  2 ogres
  2 lemures (D:7)
  4 phantoms
  A kobold brigand (D:6)
  A necrophage (D:6)
  8 scorpions
  2 howler monkeys (D:5)
  2 hounds
  3 orc priests
  A gnoll bouda (D:5)
  Natasha (thrice) (D:2)
  Terence (D:2)
  4 iguanas
  6 gnolls
  8 adders
  2 shadow imps (D:7)
  2 white imps
  2 worms (D:4)
  A dart slug (D:1)
  12 orcs
  A ball python (D:3)
  7 bats
  3 endoplasms
  4 goblins
  5 hobgoblins
  2 jackals (D:2)
  17 kobolds
  3 quokkas
  4 frilled lizards
  5 rats
121 creatures vanquished.

Vanquished Creatures (others)
  3 demonic plants (D:7)
3 creatures vanquished.

Grand Total: 124 creatures vanquished

Notes
Turn   | Place    | Note
-------+----------+-------------------------------------------
     0 | D:1      | pokeman the Deep Elf Hedge Wizard began the quest for the
                  | Orb.
     0 | D:1      | Reached XP level 1. HP: 10/10 MP: 7/7
   283 | D:1      | Reached XP level 2. HP: 16/16 MP: 6/9
   804 | D:1      | Reached skill level 5 in Spellcasting
  1029 | D:2      | Found Qoeseifohu's Distillery.
  1035 | D:2      | Bought a potion of curing for 39 gold pieces
  1035 | D:2      | Bought a potion of degeneration for 13 gold pieces
  1044 | D:2      | Noticed Terence
  1100 | D:2      | Noticed Natasha
  1106 | D:2      | Killed Natasha
  1107 | D:2      | Reached skill level 1 in Fighting
  1107 | D:2      | Reached skill level 1 in Armour
  1107 | D:2      | Reached XP level 3. HP: 20/20 MP: 11/11
  1111 | D:2      | Learned a level 3 spell: Mephitic Cloud
  1114 | D:2      | Learned a level 2 spell: Call Imp
  1117 | D:2      | Learned a level 2 spell: Blink
  1368 | D:2      | You fall into a shaft and drop 2 floors!
  1369 | D:4      | Identified the +2 helmet "Udut" {Fly Will+}
  1440 | D:4      | Reached XP level 4. HP: 25/25 MP: 6/13
  1493 | D:4      | Noticed Sigmund
  1507 | D:4      | Killed Sigmund
  1508 | D:4      | Reached skill level 5 in Conjurations
  1508 | D:4      | Reached XP level 5. HP: 29/29 MP: 8/15
  1508 | D:4      | Reached XP level 6. HP: 34/34 MP: 8/16
  1527 | D:3      | Found Osurix's General Store.
  1644 | D:2      | Noticed Natasha
  1657 | D:2      | Killed Natasha
  1785 | D:2      | Found a basalt altar of Yredelemnul.
  1955 | D:2      | Reached skill level 6 in Spellcasting
  2030 | D:2      | Noticed Natasha
  2043 | D:2      | Killed Natasha
  2408 | D:2      | Killed Terence
  2541 | D:3      | Reached skill level 1 in Evocations
  2592 | D:3      | Found a faded altar of an unknown god.
  2725 | D:3      | Found a transporter.
  2879 | D:3      | Found a transporter.
  2879 | D:3      | Noticed sirJeffrey23's ghost (amateur BaFi)
  3175 | D:4      | Reached skill level 1 in Necromancy
  3620 | D:4      | Found a shadowy altar of Dithmenos.
  3695 | D:4      | Found an iron altar of Okawaru.
  3798 | D:4      | Reached skill level 1 in Fire Magic
  3798 | D:4      | Reached skill level 1 in Poison Magic
  3798 | D:4      | Reached XP level 7. HP: 38/38 MP: 13/19
  3857 | D:4      | Reached skill level 7 in Spellcasting
  4114 | D:5      | Entered Level 5 of the Dungeon
  4123 | D:5      | Reached skill level 1 in Air Magic
  4140 | D:5      | Reached skill level 1 in Shields
  4301 | D:5      | Reached skill level 8 in Spellcasting
  4457 | D:5      | Reached XP level 8. HP: 41/43 MP: 13/22
  4529 | D:5      | Found Eptoi's Jewellery Shop.
  4712 | D:5      | Found Dyzxoblo's Jewellery Shop.
  5082 | D:6      | Reached skill level 9 in Spellcasting
  6018 | D:7      | Reached skill level 10 in Spellcasting
  6069 | D:7      | Noticed Pikel
  6093 | D:7      | Killed Pikel
  6094 | D:7      | Reached XP level 9. HP: 38/48 MP: 15/25
  6214 | D:7      | HP: 2/48 [acid dragon (10)]
  6214 | D:7      | Slain by an acid dragon

Illustrated notes

Levels and vault maps discovered:
D:1:      roderic_chinese_lattice_arrival, layout_basic
D:2:      layout_loops_corners, basic_altar, serial_shops, shop,
          minmay_box_of_dots, uniq_natasha, uniq_terence
D:3:      layout_rooms, serial_shops, shop, hellmonk_ecumenical_altar_blasted,
          gammafunk_ghost_arena, corexii_leaking_fountain,
          chequers_serial_rivers_small_3, due_unseen_surprise
D:4:      layout_basic, mainiacjoe_overflow_tiny_flanked,
          nicolae_dithmenos_the_darkroom, hangedman_decor_push, uniq_sigmund
D:5:      layout_cave_pools, serial_shops, nicolae_take_the_stairs,
          nicolae_shop_stone
D:6:      layout_basic
D:7:      layout_loops_ring, nicolae_hepliaklqana_hippocampus, temple_hall,
          serial_demonic, serial_demonic_a, serial_demonic_g, serial_demonic_c,
          serial_demonic_b, uniq_pikel

Skill      XL: |  1  2  3  4  5  6  7  8 |
---------------+-------------------------+-----
Spellcasting   | 5 6 8 10 | 10.7
Fighting       | 1 2 |  2.1
Armour         | 1 2 |  2.1
Conjurations   | 2 5 6 7 |  7.4
Stealth        | 3 |  3.0
Dodging        | 3 |  3.0
Evocations     | 1 |  1.0
Necromancy     | 1 |  1.1
Fire Magic     | 1 2 4 |  4.5
Poison Magic   | 1 |  1.2
Air Magic      | 1 |  1.0
Shields        | 1 2 |  2.0
Summonings     | |  1.1
Translocations | |  1.1

Action                   |  1- 3 |  4- 6 |  7- 9 || total
-------------------------+-------+-------+-------++-------
Melee: Short sword       |    17 |    66 |   106 ||   189
       Punch             |       |     1 |     1 ||     2
 Cast: Magic Dart        |    66 |    67 |    99 ||   232
       Mephitic Cloud    |     1 |    13 |    21 ||    35
       Call Imp          |       |       |     1 ||     1
 Stab: Confused          |       |     9 |    14 ||    23
       Distracted        |       |       |     1 ||     1
Armor: Leather armour    |     1 |    13 |    27 ||    41
Dodge: Dodged            |    10 |    32 |    64 ||   106

Table legend: (Time is in decaauts)
 A = Elapsed time spent in this place.
 B = Non-inter-level travel time spent in this place.
 C = Inter-level travel time spent in this place.
 D = Time resting spent in this place.
 E = Time spent auto-exploring this place.
 F = Levels seen in this place.
 G = Mean time per level.
                   A        B        C        D        E       F      G
               +--------+--------+--------+--------+--------+-----+--------+
         Total |   6211 |   6038 |    173 |    216 |   4829 |   7 |  887.3 |
       Dungeon |   6211 |   6038 |    173 |    216 |   4829 |   7 |  887.3 |
               +--------+--------+--------+--------+--------+-----+--------+

Top non-repeatable levels by time:
     D:2: 1256 daAuts
     D:4: 1141 daAuts
     D:1: 1028 daAuts
     D:6: 1018 daAuts
     D:5: 804 daAuts
     D:3: 685 daAuts
     D:7: 275 daAuts
